 Dungeon Crawl Stone Soup version 0.21-a0-641-geef9d7f (webtiles) character file.

8407 Leszczynek the Grappler (level 11, -7/104 HPs)
             Began as a Troll Skald on Dec 30, 2017.
             Was the Champion of Zin.
             Mangled by a manticore (20 damage)
             ... on level 12 of the Dungeon.
             The game lasted 00:31:45 (3657 turns).

Leszczynek the Grappler (Troll Skald)               Turns: 3657, Time: 00:31:45

Health: -7/104     AC:  7    Str: 24    XL:     11   Next: 9%
Magic:  11/11      EV: 10    Int:  9    God:    Zin [******]
Gold:   765        SH: 14    Dex: 12    Spells: 3/12 levels left

rFire    . . .     SeeInvis .     - Unarmed
rCold    + . .     Gourm    +   g - +0 shield
rNeg     . . .     Faith    .   t - +0 troll leather armour
rPois    .         Spirit   .   (helmet restricted)
rElec    .         Reflect  +   (no cloak)
rCorr    .         Harm     .   (gloves unavailable)
MR       .....                  (boots unavailable)
Stlth    +.........             a - +3 amulet of reflection
HPRegen  1.07/turn              f - +3 ring of strength
MPRegen  0.12/turn              u - ring of protection from cold

@: barbed spikes
A: large, unfitting armour, claws 3, fast metabolism 3, gourmand, regeneration
1, shaggy fur 1, tough skin 2
a: Recite, Vitalisation, Imprison, Sanctuary, Donate Gold, Renounce Religion


You were on level 12 of the Dungeon.
You worshipped Zin.
Zin was exalted by your worship.
You were very full.

You visited 2 branches of the dungeon, and saw 13 of its levels.
You also visited: Bailey.

You collected 850 gold pieces.
You donated 85 gold pieces to Zin.

Inventory:

Missiles
 h - 2 throwing nets
 o - 19 tomahawks of returning (quivered)
 v - a tomahawk
 A - 6 large rocks
Armour
 g - a +0 shield (worn)
 q - a +2 robe of positive energy
 t - a +0 troll leather armour (worn)
Jewellery
 a - a +3 amulet of reflection (around neck)
 f - a +3 ring of strength (left claw)
 n - an uncursed ring of wizardry
 u - a ring of protection from cold (right claw)
Wands
 b - a wand of flame (27)
Scrolls
 e - 2 scrolls of teleportation
 p - 3 scrolls of amnesia
 r - a scroll of random uselessness {unknown}
 s - a scroll of summoning {unknown}
 x - a scroll of holy word {unknown}
 y - a scroll of enchant armour {unknown}
 z - a scroll of remove curse {@r2}
Potions
 i - a potion of brilliance
 j - a potion of cancellation
 k - 3 potions of magic
 l - 3 potions of curing {@q1}
 m - a potion of flight
Books
 B - a book of Spatial Translocations

   Spells                             Type                      Level
   a - Blink                          Translocation                2
   b - Shroud of Golubria             Charms/Translocation         2
   c - Lesser Beckoning               Translocation                3
   d - Gell's Gravitas                Translocation                3
   e - Teleport Other                 Translocation                3
   f - Passage of Golubria            Translocation                4
Miscellaneous
 C - a fan of gales
Comestibles
 c - 9 chunks of flesh
 d - 20 rations


   Skills:
 + Level 5.3 Fighting
 + Level 3.2 Dodging
 - Level 8.2 Shields
 * Level 11.9 Unarmed Combat
 - Level 1.2 Spellcasting
 - Level 2.0 Charms
 - Level 2.6 Invocations


You had 3 spell levels left.
You knew the following spells:

 Your Spells              Type           Power        Failure   Level  Hunger
a - Infusion              Chrm           #...         22%         1    ##.....
b - Song of Slaying       Chrm           #.......     32%         2    ###....
d - Passage of Golubria   Tloc           N/A          99%         4    #####..
B - Blink                 Tloc           N/A          58%         2    ###....


Dungeon Overview and Level Annotations

Branches:
Dungeon (12/15)            Temple (1/1) D:4            Lair (0/6) D:10
    Orc (0/2) D:10

Altars:
Ashenzari
Cheibriados
Dithmenos
Elyvilon
Fedhas
Gozag
Hepliaklqana
Kikubaaqudgha
Makhleb
Nemelex Xobeh
Okawaru
Qazlal
Ru
Sif Muna
Trog
Uskayaw
Vehumet
Wu Jian
Xom
Yredelemnul
Zin

Shops:
D:4 *

Portals:
Trove: D:11 (give 8 potions of haste)

Annotations:
D:10 lair


Innate Abilities, Weirdness & Mutations

You are too large for most types of armour.
You have claws for hands.
Your metabolism is lightning-fast.
You like to eat raw meat.
Your natural rate of healing is unusually fast.
You are covered in fur. (AC +1)
You have very tough skin. (AC +2)


Message History

The puff of flame hits the manticore.
The manticore is heavily wounded.
The crimson imp misses you.
You barely miss the manticore.
The manticore is heavily wounded.
The crimson imp barely misses you. You block the manticore's attack.
The manticore claws you. x2
You scratch the manticore but do no damage.
The manticore is heavily wounded.
You block the crimson imp's attack. The manticore bites you!
* * * LOW HITPOINT WARNING * * *
The manticore claws you but does no damage.
The manticore claws you!
* * * LOW HITPOINT WARNING * * *
It was a potion of lignification.
Zin protects your body from unnatural transformation!
You feel woody for a moment.
The crimson imp hits you but does no damage.
The manticore bites you!!
You die...

....# # .... #.#.#.
...####### #.#.#.
......... ......
......... ##....
#........ .
......####.}...... ..
.................. ..
###....@H......
#.######....5.......
##.................##
#................#...
#................# ..
#................# .
#.......<.)......#
.....###...)......#
##### #..........#


You could see a manticore and a crimson imp.

Vanquished Creatures
  A two-headed ogre (D:11)
  An unseen horror (D:10)
  An orc knight (Bailey)
  A cyclops (D:10)
  Joseph (D:7)
  2 trolls
  2 hippogriffs
  3 wyverns
  3 yaks (D:10)
  A wraith (D:10)
  3 porcupines (D:10)
  4 orc warriors
  An ice beast (D:10)
  A necrophage (D:10)
  A phantom (D:10)
  3 black bears
  2 wolves (D:10)
  3 centaurs (D:7)
  3 ogres
  6 crocodiles
  2 bullfrogs (D:6)
  A big kobold (D:12)
  2 scorpions
  A water moccasin skeleton (D:6)
  A killer bee (D:7)
  9 wights (D:7)
  5 howler monkeys
  2 crimson imps
  2 bullfrog zombies (D:6)
  2 jellies
  4 orc priests (D:10)
  A hound (D:6)
  An iguana (D:6)
  8 orc wizards
  9 worker ants
  A gnoll (Bailey)
  6 adders
  A shadow imp (D:10)
  2 adder zombies
  A worm (D:3)
  A dart slug (D:4)
  4 leopard geckos
  21 orcs
  2 goblins
  4 hobgoblins
  8 jackals
  6 kobolds
  2 quokkas
  A ball python (D:6)
  5 bats
  3 frilled lizards (D:4)
  3 rats
164 creatures vanquished.

Vanquished Creatures (others)
  A centaur (D:10)
  5 kobolds (Bailey)
  A fungus (D:10)
  4 plants (D:10)
11 creatures vanquished.

Grand Total: 175 creatures vanquished

Notes
Turn   | Place    | Note
-------+----------+-------------------------------------------
     0 | D:1      | Leszczynek the Troll Skald began the quest for the Orb.
     0 | D:1      | Reached XP level 1. HP: 19/19 MP: 1/1
   218 | D:2      | Reached XP level 2. HP: 21/27 MP: 2/2
   259 | D:3      | Reached skill level 3 in Unarmed Combat
   347 | D:3      | Reached XP level 3. HP: 28/33 MP: 3/3
   375 | D:3      | no pain, no gain
   398 | D:3      | ok w/e
   465 | D:3      | okay
   467 | D:4      | Reached skill level 4 in Unarmed Combat
   544 | D:4      | Reached XP level 4. HP: 41/41 MP: 4/4
   560 | D:4      | Found Tisor's General Store.
   599 | D:5      | Entered Level 5 of the Dungeon
   649 | D:6      | d:6 xl4 let's go
   667 | D:6      | Reached skill level 5 in Unarmed Combat
   667 | D:6      | Reached XP level 5. HP: 45/48 MP: 5/5
   729 | D:6      | Noticed an orc warrior
   740 | D:6      | Reached skill level 6 in Unarmed Combat
   763 | D:6      | Reached XP level 6. HP: 51/55 MP: 6/6
   824 | D:6      | Reached skill level 7 in Unarmed Combat
   950 | D:7      | might have not been the best idea
   961 | D:7      | Reached XP level 7. HP: 49/62 MP: 7/7
   969 | D:7      | Reached skill level 8 in Unarmed Combat
  1018 | D:7      | Noticed Joseph
  1018 | D:7      | oh come on
  1038 | D:7      | Killed Joseph
  1038 | D:7      | Reached skill level 2 in Fighting
  1038 | D:7      | Reached skill level 9 in Unarmed Combat
  1038 | D:7      | Reached XP level 8. HP: 21/74 MP: 8/8
  1121 | D:7      | Reached skill level 3 in Fighting
  1182 | D:7      | Reached skill level 10 in Unarmed Combat
  1289 | D:6      | HP: 11/75 [orc warrior/halberd (15)]
  1306 | D:6      | HP: 9/75 [orc warrior/halberd (12)]
  1449 | D:4      | Found a staircase to the Ecumenical Temple.
  1455 | D:4      | here it is
  1462 | Temple   | Entered the Ecumenical Temple
  1510 | Temple   | actually no tso
  1510 | Temple   | what now
  1510 | Temple   | do i hate myself enough to pick zin
  1521 | Temple   | Became a worshipper of Zin the Law-Giver
  1521 | Temple   | Reached * piety under Zin
  1522 | Temple   | let's goooooooooooo
  1522 | Temple   | i bet i'll find statue right away now
  1526 | Temple   | Learned a level 2 spell: Song of Slaying
  1905 | D:8      | Reached skill level 1 in Invocations
  1912 | D:8      | Reached skill level 4 in Fighting
  1989 | D:9      | Noticed a troll
  1998 | D:9      | Killed a troll
  1998 | D:9      | Reached XP level 9. HP: 84/84 MP: 9/9
  2080 | D:7      | Reached skill level 2 in Invocations
  2161 | D:7      | Reached skill level 11 in Unarmed Combat
  2330 | D:8      | Reached ** piety under Zin
  2395 | D:10     | Entered Level 10 of the Dungeon
  2435 | D:9      | Reached skill level 1 in Shields
  2595 | D:10     | Reached skill level 2 in Shields
  2603 | D:10     | lair or grum
  2627 | D:10     | Reached skill level 3 in Shields
  2648 | D:10     | lair
  2657 | D:10     | fucking orc wasting !might
  2680 | D:10     | Reached skill level 4 in Shields
  2736 | D:10     | Reached skill level 5 in Shields
  2765 | D:10     | Reached XP level 10. HP: 57/94 MP: 10/10
  2803 | D:10     | Noticed a cyclops
  2804 | D:10     | R E A L L Y
  2817 | D:10     | Reached skill level 6 in Shields
  2864 | D:10     | Killed a cyclops
  2892 | D:10     | Reached skill level 7 in Shields
  2920 | D:10     | Learned a level 2 spell: Blink
  2925 | D:10     | Learned a level 4 spell: Passage of Golubria
  2931 | D:10     | Found a staircase to the Orcish Mines.
  2955 | D:10     | Found a staircase to the Lair.
  2988 | D:10     | Killed an unseen horror
  3039 | D:10     | Reached skill level 8 in Shields
  3123 | D:10     | Reached skill level 2 in Dodging
  3160 | D:11     | Found a flagged portal.
  3172 | Bailey   | Entered a bailey
  3177 | Bailey   | oh it's THIS one
  3177 | Bailey   | blehhhhhhh
  3241 | Bailey   | Noticed an orc knight
  3258 | Bailey   | Killed an orc knight
  3258 | Bailey   | Reached skill level 5 in Fighting
  3260 | Bailey   | Found a burning altar of Makhleb.
  3273 | Bailey   | Reached *** piety under Zin
  3273 | Bailey   | Reached **** piety under Zin
  3279 | Bailey   | Reached ***** piety under Zin
  3279 | Bailey   | Reached ****** piety under Zin
  3356 | D:11     | Noticed a red ugly thing
  3357 | D:11     | Noticed a centaur warrior
  3397 | D:11     | Found a portal to a secret trove of treasure.
  3400 | D:11     | oh
  3405 | D:11     | trove: 8 !haste
  3405 | D:11     | not gonna hapen
  3405 | D:11     | happen
  3474 | D:11     | Noticed a two-headed ogre
  3478 | D:11     | Killed a two-headed ogre
  3478 | D:11     | Reached XP level 11. HP: 86/102 MP: 11/11
  3530 | D:11     | Reached skill level 3 in Dodging
  3656 | D:12     | HP: 12/104 [manticore (12)]
  3657 | D:12     | Mangled by a manticore

Vault maps used:
D:1:      sevenhm_arrival_forest_fort_small_3, dk_noncrumbling_3
D:3:      first_ration, tgw_xom
D:4:      minmay_temple_entry_statues_fountains, serial_shops, shop
D:5:      serial_shops, shop, minivault_23, minivault_27
D:7:      nicolae_tso_carved_into_rock, uniq_joseph
D:10:     minmay_lair_entry_grove, serial_shops, shop
D:11:     enter_bailey_2, enter_trove_0, grunt_ogre_cave
Temple:   compressed_dpeg_circular_temple
Bailey:   bailey_axe_3, bailey

Skill      XL: |  1  2  3  4  5  6  7  8  9 10 11 |
---------------+----------------------------------+-----
Unarmed Combat | 3 4 5 6 7 9 10 11 | 11.9
Fighting       | 2 4 5 |  5.3
Invocations    | 1 2 |  2.6
Shields        | 5 8 |  8.2
Dodging        | 2 3 |  3.2
Spellcasting   | |  1.2
Charms         | |  2.0

Action                   |  1- 3 |  4- 6 |  7- 9 | 10-12 || total
-------------------------+-------+-------+-------+-------++-------
Melee: Unarmed           |    67 |    71 |   257 |   160 ||   555
       Punch             |       |     5 |     8 |       ||    13
Throw: Tomahawk          |       |       |     1 |       ||     1
Evoke: Wand              |       |       |     1 |     6 ||     7
  Use: Potion            |       |       |     2 |     2 ||     4
       Scroll            |       |       |     9 |     4 ||    13
 Stab: Sleeping          |       |     1 |       |       ||     1
  Eat: Chunk             |    10 |     3 |    18 |     8 ||    39
Armor: Robe              |    33 |    10 |    34 |       ||    77
       Troll leather arm |       |       |    23 |    30 ||    53
Dodge: Dodged            |    35 |    35 |    84 |    40 ||   194
Block: Shield            |       |       |    10 |   105 ||   115
       Other             |       |       |     7 |       ||     7
       Reflection        |       |       |     1 |    36 ||    37

Table legend:
 A = Spawn XP
 B = Non-spawn XP
 C = Spawn XP percentage of total XP
 D = Spawn monster count
 E = Non-spawn monster count
 F = Spawn count percentage of total count
 G = Total turns spent on level
                    A         B        C        D         E        F      G
               +---------+---------+-------+---------+---------+-------+---------
         Total |       0 |   12010 |   0.0 |       0 |     170 |   0.0 |  3657
               +---------+---------+-------+---------+---------+-------+---------
           D:1 |       0 |       8 |   0.0 |       0 |       5 |   0.0 |   196
           D:2 |       0 |       9 |   0.0 |       0 |       4 |   0.0 |    52
           D:3 |       0 |      27 |   0.0 |       0 |      14 |   0.0 |   167
           D:4 |       0 |     180 |   0.0 |       0 |      11 |   0.0 |   320
           D:5 |       0 |      23 |   0.0 |       0 |       3 |   0.0 |   227
           D:6 |       0 |     705 |   0.0 |       0 |      18 |   0.0 |   487
           D:7 |       0 |    1931 |   0.0 |       0 |      28 |   0.0 |   471
           D:8 |       0 |     474 |   0.0 |       0 |       9 |   0.0 |   279
           D:9 |       0 |     372 |   0.0 |       0 |       3 |   0.0 |   282
          D:10 |       0 |    5124 |   0.0 |       0 |      42 |   0.0 |   580
          D:11 |       0 |    1670 |   0.0 |       0 |      15 |   0.0 |   318
          D:12 |       0 |     562 |   0.0 |       0 |       5 |   0.0 |    62
        Bailey |       0 |     925 |   0.0 |       0 |      13 |   0.0 |   144
               +---------+---------+-------+---------+---------+-------+---------
